Map: Proxima Station LE

Players

Yellowio

  • Race: Zerg Zerg
  • League: Diamond
  • Spawn Location: 7:00

Musumeci - Winner!

  • Race: Zerg Zerg
  • League: Diamond
  • Spawn Location: 1:00

VOD

Have the link to the VOD?

Description

Time

  • Played on: April 2, 2017, 10:59 a.m.
  • Length: 5:59
Show
View Real Time Build Order
Export as new Build Order

Yellowio Zerg 

Build Orders: Hatch First 

Get SALT Encoding   

  12  0:04  Drone  
  13  0:09  Drone  
  14  0:20  Overlord  
  14  0:26  Extractor  
  14  0:27  Drone, Extractor  
  13  0:30  Drone  
  16  0:39  Drone  
  17  0:55  Hatchery  
  16  0:59  Drone  
  16  1:02  Drone  
  18  1:15  Spawning Pool  
  17  1:37  Hatchery  
  16  1:41  Drone  
  16  1:42  Extractor  
  16  1:45  Drone  
  17  1:52  Overlord  
  17  2:03  Drone  
  18  2:08  Drone  
  18  2:09  Drone  
  18  2:13  Queen  
  22  2:17  Zergling x2  
  22  2:20  Drone  
  24  2:26  Drone  
  25  2:30  Drone  
  26  2:37  Zergling x2  
  26  2:39  Spine Crawler  
  26  2:41  Drone  
  27  2:47  Drone  
  27  2:49  Metabolic Boost  
  28  2:55  Drone  
  28  2:56  Drone  
  30  3:10  Drone x4  
  34  3:14  Evolution Chamber  
  34  3:17  Drone  
  34  3:18  Baneling Nest  
  34  3:19  Drone  
  34  3:23  Drone  
  35  3:36  Zergling x10  
  35  3:37  Zergling x2  
  41  3:46  Zergling x2, Zerg Melee Weapons Level 1  
  42  3:59  Overlord x3  
  42  4:09  Queen  
  39  4:11  Zergling x8  
  39  4:14  Spine Crawler, Zergling x4  
  41  4:23  Zergling x4  
  25  4:26  Drone  
  25  4:32  Zergling x2  
  25  4:35  Zergling x2  
  22  4:46  Baneling x2  
  22  4:51  Zergling x4  
  24  4:55  Zergling x4  
  24  4:58  Drone  
  26  5:00  Drone  
  24  5:07  Zergling x2  
  24  5:12  Drone  
  24  5:14  Drone  
  26  5:22  Baneling x3  
  26  5:24  Zergling x2  
  26  5:27  Drone  
Show
View Real Time Build Order
Export as new Build Order

Musumeci Zerg - Winner!

Build Orders: Hatch First 

Get SALT Encoding   

  12  0:01  Drone  
  13  0:12  Overlord  
  13  0:17  Drone  
  14  0:26  Drone, Extractor  
  15  0:31  Drone  
  15  0:34  Drone  
  17  0:55  Hatchery  
  16  0:58  Drone  
  17  1:11  Extractor  
  17  1:15  Spawning Pool  
  17  1:18  Drone  
  16  1:21  Drone  
  18  1:25  Drone  
  18  1:29  Drone  
  19  1:39  Overlord  
  19  1:50  Drone  
  20  2:02  Queen  
  20  2:04  Zergling x2  
  20  2:06  Queen  
  20  2:07  Drone  
  26  2:16  Metabolic Boost  
  26  2:18  Drone  
  26  2:21  Drone  
  28  2:26  Drone  
  29  2:34  Baneling Nest  
  28  2:39  Queen  
  30  2:45  Drone x2  
  30  2:48  Drone  
  33  2:56  Zergling x6  
  36  3:01  Overlord  
  36  3:23  Zergling x12  
  41  3:28  Baneling  
  41  3:35  Overlord  
  41  3:41  Baneling x2  
  41  3:42  Baneling  
  41  3:44  Baneling x3  
  41  3:50  Zergling x4  
  41  3:53  Zergling x8  
  43  4:22  Zergling x12  
  47  4:38  Zergling x12  
  49  4:58  Zergling x10  
  45  5:11  Zergling x8  
  47  5:35  Zergling x8  
Tags
 
Add a new tag
Caveats
  • Supply blocks, unpowered buildings, or Contaminate may cause inaccurate times.
  • Supply counts are checked every 10 seconds.